 Dungeon Crawl Stone Soup version 0.31-a0-89-g637a80eef8 (webtiles) character file.

Game seed: 17508282930729240904

11 Colgate the Grave Robber (level 2, -2/20 HPs)
             Began as a Meteoran Necromancer on May 25, 2023.
             Slain by a sky beast (6 damage)
             ... on level 6 of the Dungeon.
             The game lasted 00:02:32 (180 turns).

Colgate the Grave Robber (Meteoran Necromancer)      Turns: 180, Time: 00:02:32

Health: -2/20      AC:  2    Str:  9    XL:     2   Next: 58%
Magic:  2/7        EV: 12    Int: 16    God:
Gold:   68         SH:  0    Dex: 14    Spells: 7/8 levels left

rFire   . . .        d - +2 falchion (elec)
rCold   . . .        (no shield)
rNeg    . . .        a - +0 robe
rPois   .            (no helmet)
rElec   .            (no cloak)
rCorr   .            (no gloves)
SInv    .            (no boots)
Will    .....        (no amulet)
Stlth   +            (no ring)
HPRegen 0.23/turn    (no ring)
MPRegen 0.10/turn

%: no passive effects
@: glowing
A: sense surroundings 1, otherworldly, glowing, explore regen
a: no special abilities


You were on level 6 of the Dungeon.
You visited 1 branch of the dungeon, and saw 6 of its levels.

You collected 68 gold pieces.

Inventory:

Hand Weapons
 d - a +2 falchion of electrocution (weapon)
Missiles
 c - 2 throwing nets {!f}
Armour
 a - a +0 robe (worn)
Scrolls
 e - a scroll of silence {unknown}
Potions
 b - a potion of magic


   Skills:
 - Level 2.4 Dodging
 - Level 1.4 Stealth
 + Level 3.7 Spellcasting
 - Level 4.3 Necromancy


You had 7 spell levels left.
You knew the following spells:

 Your Spells              Type           Power      Damage    Failure   Level
a - Necrotise             Necr           68%        1d7       3%          1

Your spell library contained the following spells:

 Spells                   Type           Power      Damage    Failure   Level
 Vampiric Draining        Necr           17%        2d7       9%          3
 Animate Dead             Necr           17%        N/A       28%         4
 Agony                    Necr           17%        N/A       63%         5


Dungeon Overview and Level Annotations

Branches:
Dungeon (6/15) Zot: 3420
 Temple: D:4-7

Altars:


Innate Abilities, Weirdness & Mutations

You passively map a small area around you.
You are easily found by Zot.
You glow in the dark.
You regain HP and MP as you explore.


Message History

The orc writhes in agony.
You kill the orc!
The dead are walking!
c - 2 throwing nets {!f} You see here a +2 falchion of electrocution.
You hear the crackle of electricity.
d - a +2 falchion of electrocution (weapon)
e - a scroll labelled QIECZA WYPOA Your orc skeleton crumbles into dust!
There is a stone staircase leading down here.
You climb downwards.
There is a stone staircase leading up here.
A sky beast comes into view.
Here: a sky beast (asleep)
The floor.
Unknown command.
Unknown command.
Aiming: Necrotise (safe; 3% risk of failure)
Aim: a sky beast (chance to affect: 75%)
The sky beast writhes in agony.
Aiming: Necrotise (safe; 3% risk of failure)
Aim: a sky beast (lightly wounded, chance to affect: 75%)
The sky beast writhes in agony!
The sky beast misses you.
Aiming: Necrotise (safe; 3% risk of failure)
Aim: a sky beast (moderately wounded, chance to affect: 75%)
The sky beast writhes in agony.
The sky beast hits you. The sky beast shocks you.
Aiming: Necrotise (safe; 3% risk of failure)
Aim: a sky beast (heavily wounded, chance to affect: 75%)
The sky beast struggles to resist.
The sky beast flickers out of sight!
Deactivating autopickup; reactivate with Ctrl-A.
Something hits you. Something shocks you.
Aiming: Necrotise (safe; 3% risk of failure)
Something writhes in agony.
Something hits you.
* * * LOW HITPOINT WARNING * * *
Something shocks you.
You die...

*
#........#
#.######.#
,* *,#.# .#
* #.# *.#
#.# *##.# *
#.# *....#
,#.##..#,.#
* ,#.{..#*
* , #@##..#
, * ,#...#
...# * , *
#.### * .##
, #. , ,# *
, # *, * ,
, * * * , *
,, * * * ,
,


There were no monsters in sight!

Vanquished Creatures
  An orc (D:5)
  A ball python (D:2)
  An endoplasm (D:4)
  2 giant cockroaches
  A hobgoblin (D:2)
  2 jackals (D:1)
8 creatures vanquished.

Notes
Turn   | Place    | Note
-------+----------+-------------------------------------------
     0 | D:1      | Colgate the Meteoran Necromancer began the quest for the
                  | Orb.
     0 | D:1      | Reached XP level 1. HP: 14/14 MP: 5/5
    56 | D:2      | Reached XP level 2. HP: 20/20 MP: 4/7
   104 | D:5      | Entered Level 5 of the Dungeon
   174 | D:6      | Noticed a sky beast
   180 | D:6      | Slain by a sky beast

Illustrated notes

Levels and vault maps discovered:
D:1:      nzn_arrival_crosshair, layout_loops_ring,
          chequers_serial_rivers_room_b
D:2:      layout_basic, basic_altar
D:3:      layout_loops_ring, nicolae_vehumet_altar_sigil,
          chequers_temple_overflow_statue_of_worship, roderic_serpentine_path
D:4:      layout_basic
D:5:      wander_river, layout_basic
D:6:      layout_loops_ring, kennysheep_minor_cross, patterned_corridor,
          uniq_maggie

Skill      XL: |  1 |
---------------+----+-----
Spellcasting   | 3 |  3.7
Dodging        | |  2.4
Stealth        | |  1.4
Necromancy     | |  4.3

Action                     || total
---------------------------++-------
   Cast: Necrotise         ||    19
  Dodge: Dodged            ||     1

Table legend: (Time is in decaauts)
 A = Elapsed time spent in this place.
 B = Non-inter-level travel time spent in this place.
 C = Inter-level travel time spent in this place.
 D = Time resting spent in this place.
 E = Time spent auto-exploring this place.
 F = Levels seen in this place.
 G = Mean time per level.
                   A        B        C        D        E       F      G
               +--------+--------+--------+--------+--------+-----+--------+
         Total |    178 |    178 |      0 |      0 |      0 |   6 |   29.7 |
       Dungeon |    178 |    178 |      0 |      0 |      0 |   6 |   29.7 |
               +--------+--------+--------+--------+--------+-----+--------+

Top non-repeatable levels by time:
     D:5: 57 daAuts
     D:1: 53 daAuts
     D:2: 24 daAuts
     D:4: 20 daAuts
     D:6: 17 daAuts
     D:3: 4 daAuts
